 Dungeon Sprint DCSS version 0.31-a0-521-gc7390f8997 (webtiles) character file.

Game seed: 11248930594943963990

638 rocky1 the Grappler (level 7, -9/53 HPs)
             Began as an Octopode Shapeshifter on Aug 11, 2023.
             Was an Initiate of Gozag.
             Killed from afar by a steam dragon (19 damage)
             ... with a ball of steam
             ... in the Dungeon (Sprint IX: "|||||||||||||||||||||||||||||").
             The game lasted 00:01:13 (516 turns).

rocky1 the Grappler (Octopode Shapeshifter)          Turns: 516, Time: 00:01:14

Health: -9/53      AC:  1    Str: 18    XL:     7   Next: 50%
Magic:  7/7        EV: 15    Int: 12    God:    Gozag
Gold:   0          SH:  0    Dex: 15    Spells: 6/6 levels left

rFire   . .          .
                       - Unarmed
rCold   . . .        (no shield)
rNeg    . . .        (helmet currently unavailable)
rPois   .            (no amulet)
rElec   .            l - +3 ring of dexterity
rCorr   .            m - +3 ring of strength
SInv    .            (no ring)
Will    .....        (no ring)
Stlth   +++          (no ring)
HPRegen 0.28/turn    (no ring)
MPRegen 0.10/turn    (no ring)
                     (no ring)

%: no teleportation
@: beast-form, on berserk cooldown, slowed, very slow
A: beast (slay +4), almost no armour, amphibious, 8 rings, camouflage 1,
gelatinous body 1, (nimble swimmer 1), tentacles
a: Begin Untransformation, Renounce Religion, Potion Petition, Call Merchant,
Bribe Branch


You were in the Dungeon.
You worshipped Gozag.
Gozag was noncommittal.
You were a hulking beast.
You visited 1 branch

Inventory:

Jewellery
 l - a +3 ring of dexterity (left tentacle)
 m - a +3 ring of strength (right tentacle)
Talismans
 b - a beast talisman (active)
 c - a flux talisman
Wands
 k - a wand of acid (10)
Scrolls
 i - 2 scrolls of blinking
 j - 2 scrolls of amnesia
Potions
 a - a potion of invisibility
 d - 5 potions of curing
 e - 2 potions of heal wounds
 f - a potion of haste
 g - 4 potions of magic


   Skills:
 * Level 6.4 Fighting
 + Level 4.5 Dodging
 + Level 3.6 Stealth
 + Level 9.9 Unarmed Combat
 + Level 8.9 Shapeshifting


You had 6 spell levels left.
You didn't know any spells.
Your spell library was empty.

Dungeon Overview and Level Annotations

Branches:
Dungeon (1/1)

Altars:
Cheibriados
Dithmenos
Elyvilon
Fedhas
Gozag
Hepliaklqana
Kikubaaqudgha
Makhleb
Nemelex Xobeh
Okawaru
Qazlal
Ru
Sif Muna
Trog
Uskayaw
Vehumet
Wu Jian
Xom
Yredelemnul
Zin
The Shining One
Jiyva
Lugonu


Innate Abilities, Weirdness & Mutations

You are a hulking beast.
Your limbs bulge with bestial killing power. (Slay +4)
You cannot wear most types of armour.
You are amphibious.
You can wear up to eight rings at the same time.
Your skin changes colour to match your surroundings (Stealth+).
Your rubbery body absorbs attacks. (AC +1, EV +1)
((You are camouflaged when in or above water. (Stealth+)))
You have tentacles for arms and can constrict up to eight enemies at once.


Message History

You barely miss the orc warrior. You grab the orc warrior.
You squeeze the orc warrior!
The orc warrior is moderately wounded.
You constrict the orc warrior. You bludgeon the orc warrior!
The orc warrior is severely wounded.
You constrict the orc warrior.
The orc warrior hits you with a +0 long sword!
You bludgeon the orc warrior!
You kill the orc warrior!
Unknown command.
You are no longer berserk.
You are exhausted.
You feel yourself slow down.
Things that are here:
36 gold pieces; a +0 long sword; a +0 plate armour The steam dragon is no longer distracted by gold.
You barely miss the steam dragon. Your squeeze misses the steam dragon.
The steam dragon is distracted by your dazzling golden aura.
You closely miss the steam dragon.
The steam dragon is no longer distracted by gold.
The steam dragon hisses angrily.
You tentacle-slap the steam dragon!
The steam dragon is moderately wounded.
The steam dragon bites you. The steam dragon closely misses you.
You bludgeon the steam dragon!
Your tentacle-slap misses the steam dragon.
The steam dragon is severely wounded.
The steam dragon misses you. The steam dragon claws you.
You closely miss the steam dragon. Your squeeze misses the steam dragon.
The steam dragon is severely wounded.
The steam dragon bites you!
* * * LOW HITPOINT WARNING * * *
The steam dragon barely misses you.
You tentacle-slap the steam dragon. Your squeeze misses the steam dragon.
The steam dragon is almost dead.
The steam dragon breathes steam at you. The ball of steam hits you!!
You die...
Your body crumbles into a pile of gold. ▓▓▓▓▓▓▓▓▓▓▓▓▓▓▓▓▓▓▓▓▓ +..Dh$$'..[[[.)..'___ ▓▓▓▓▓▓▓▓▓▓▓▓▓▓▓▓▓▓▓▓▓ $ $$$$$ $ $ $ $$$$$ $$

You could see a steam dragon (catching breath).

Vanquished Creatures
  A vampire (D)
  A wraith (D)
  An orc warrior (D)
  A centaur (D)
  A scorpion (D)
  A killer bee (D)
  A jelly (D)
  2 iguanas (D)
  An orc (D)
  2 endoplasms (D)
  A bat (D)
  A frilled lizard (D)
  A kobold (D)
15 creatures vanquished.

Notes
Turn   | Place    | Note
-------+----------+-------------------------------------------
     0 | D        | rocky1 the Octopode Shapeshifter began the quest for the
                  | Orb.
     0 | D        | Reached XP level 1. HP: 13/13 MP: 1/1
    25 | D        | Noticed a jelly
    25 | D        | Noticed an iguana
    25 | D        | Noticed a scorpion
    25 | D        | Noticed an iguana
    31 | D        | Killed an iguana
    32 | D        | Reached skill level 4 in Unarmed Combat
    32 | D        | Reached XP level 2. HP: 11/18 MP: 2/2
    32 | D        | Reached XP level 3. HP: 14/23 MP: 3/3
    34 | D        | Killed a scorpion
    35 | D        | Reached skill level 5 in Unarmed Combat
    35 | D        | Reached skill level 5 in Shapeshifting
    35 | D        | Reached XP level 4. HP: 20/30 MP: 4/4
    37 | D        | Reached skill level 6 in Unarmed Combat
    37 | D        | Reached XP level 5. HP: 25/36 MP: 5/5
   444 | D        | Found a snail-covered altar of Cheibriados.
   444 | D        | Found a shadowy altar of Dithmenos.
   444 | D        | Found a white marble altar of Elyvilon.
   444 | D        | Found a blossoming altar of Fedhas.
   444 | D        | Found an opulent altar of Gozag.
   445 | D        | Found a hazy altar of Hepliaklqana.
   446 | D        | Found a viscous altar of Jiyva.
   447 | D        | Found an ancient bone altar of Kikubaaqudgha.
   448 | D        | Found a corrupted altar of Lugonu.
   449 | D        | Found a burning altar of Makhleb.
   450 | D        | Found a sparkling altar of Nemelex Xobeh.
   451 | D        | Found an iron altar of Okawaru.
   452 | D        | Became a worshipper of Gozag Ym Sagoz the Greedy
   453 | D        | Found a stormy altar of Qazlal.
   454 | D        | Found a sacrificial altar of Ru.
   455 | D        | Found a shimmering blue altar of Sif Muna.
   456 | D        | Found a bloodstained altar of Trog.
   457 | D        | Found a hide-covered altar of Uskayaw.
   458 | D        | Found a radiant altar of Vehumet.
   459 | D        | Found an ornate altar of the Wu Jian Council.
   460 | D        | Found a shimmering altar of Xom.
   461 | D        | Found a basalt altar of Yredelemnul.
   462 | D        | Found a glowing silver altar of Zin.
   463 | D        | Found a glowing golden altar of the Shining One.
   489 | D        | Noticed a steam dragon
   489 | D        | Noticed an orc warrior
   489 | D        | Noticed a wraith
   489 | D        | Noticed a centaur
   489 | D        | Noticed a vampire
   493 | D        | Killed a vampire
   494 | D        | Reached skill level 1 in Stealth
   494 | D        | Reached skill level 8 in Unarmed Combat
   494 | D        | Reached XP level 6. HP: 45/45 MP: 6/6
   497 | D        | Reached skill level 5 in Fighting
   505 | D        | Killed a wraith
   506 | D        | Reached skill level 9 in Unarmed Combat
   506 | D        | Reached XP level 7. HP: 49/52 MP: 7/7
   516 | D        | Killed from afar by a steam dragon

Illustrated notes

Levels and vault maps discovered:
D:        linesprint [early_d, line_temple, items_1, d_10, items_2, lair_1,
          lair_end, items_3, orc_1, orc_end, items_4, d_15, swamp_1, shoals_1,
          snake_1, spider_1, d_20, vaults_1, items_5, swamp_end, shoals_end,
          snake_end, spider_end, vaults_end, d_27, items_6, zot_1, zot_end,
          crypt_end, forest_end, elf_end, slime_end, tomb_end, abyss_end,
          pan_hell_end]

Skill      XL: |  1  2  3  4  5  6 |
---------------+-------------------+-----
Unarmed Combat | 4 5 6 8 9 |  9.9
Shapeshifting  | 4 5 6 7 8 |  8.9
Fighting       | 2 3 4 6 |  6.4
Dodging        | 3 4 |  4.5
Stealth        | 1 3 |  3.6

Action                     |  1- 3 |  4- 6 |  7- 9 || total
---------------------------+-------+-------+-------++-------
  Melee: Unarmed           |    14 |    21 |     8 ||    43
         Tentacles         |     1 |     4 |     1 ||     6
         Constrict         |     1 |     2 |     1 ||     4
         Punch             |       |       |     1 ||     1
    Use: Potion            |     1 |     2 |       ||     3
   Stab: Distracted        |       |     1 |       ||     1
 Armour: Skin              |     4 |    20 |       ||    24
  Dodge: Dodged            |     1 |    10 |     3 ||    14

Table legend: (Time is in decaauts)
 A = Elapsed time spent in this place.
 B = Non-inter-level travel time spent in this place.
 C = Inter-level travel time spent in this place.
 D = Time resting spent in this place.
 E = Time spent auto-exploring this place.
 F = Levels seen in this place.
 G = Mean time per level.
                   A        B        C        D        E       F      G
               +--------+--------+--------+--------+--------+-----+--------+
         Total |    506 |    506 |      0 |    376 |      0 |   1 |  506.0 |
       Dungeon |    506 |    506 |      0 |    376 |      0 |   1 |  506.0 |
               +--------+--------+--------+--------+--------+-----+--------+

Top non-repeatable levels by time:
       D: 506 daAuts
